PAA
RICHLAND RAILS @ SPRINGFIELD SHOOTERS
09/03/2031
 
TOP OF THE 1ST
Richland Rails batting - Pitching for Springfield Shooters : LHP Otte Leuthold
Pitching: LHP Otte Leuthold
Batting: RHB Yoichibei Chikafuji 0-0: Called Strike
0-1: Foul Ball, location: 2F
0-2: Ball
1-2: Ball
2-2: Strikes out looking
Batting: RHB Alejandro Herrera 0-0: Called Strike
0-1: Ball
1-1: Ball
2-1: Ball
3-1: Base on Balls
Batting: RHB Luo-lang Li 0-0: Called Strike
0-1: Ball
1-1: Ball
2-1: Called Strike
2-2: Foul Ball, location: 2F
2-2: Ball
3-2: SINGLE (Line Drive, 9S)
Alejandro Herrera to second
Runner from 2nd tries for 3rd, OUT!
Batting: LHB Jared Morningstar 0-0: Foul Ball, location: 2F
0-1: Ground out 4-3 (Groundball, 4)
Top of the 1st over - 0 runs, 1 hit, 0 errors, 1 left on base; Richland 0 - Springfield 0
BOTTOM OF THE 1ST
Springfield Shooters batting - Pitching for Richland Rails : RHP Chin-seok Hwang
Pitching: RHP Chin-seok Hwang
Batting: RHB Eun-bum Kim 0-0: Foul Ball, location: 2F
0-1: Called Strike
0-2: Ball
1-2: SINGLE (Groundball, 4D)
Batting: RHB Barrett Drury 0-0: Ball
Eun-bum Kim is caught stealing 2nd base
1-0: Foul Ball, location: 2F
1-1: Ball
2-1: Ball
3-1: Base on Balls
Batting: RHB Sébastien Bernard 0-0: Foul Ball, location: 2F
0-1: Ball
1-1: SINGLE (Line Drive, 9LM)
Barrett Drury to second
Batting: LHB Ángelo Corona 0-0: Ball
1-0: Grounds out, U3 (Groundball, 3L)
Barrett Drury to third
Batting: RHB Jack Stidston 0-0: Ball
1-0: Foul Ball, location: 2F
1-1: Ball
2-1: Foul Ball, location: 2F
2-2: Foul Ball, location: 2F
2-2: Strikes out swinging
Bottom of the 1st over - 0 runs, 2 hits, 0 errors, 2 left on base; Richland 0 - Springfield 0
TOP OF THE 2ND
Richland Rails batting - Pitching for Springfield Shooters : LHP Otte Leuthold
Batting: RHB Luis León 0-0: Hit by Pitch
Batting: RHB Jonah Cooney 0-0: Fly out, F7 (Line Drive, 7D)
Batting: LHB Juan Rosado 0-0: Ball
1-0: Called Strike
1-1: Fielders Choice at 2nd, 4-6 (Groundball, 4)
Batting: RHB Paul Evison 0-0: Foul Ball, location: 2F
0-1: Ball
1-1: Ball
2-1: Swinging Strike
2-2: Strikes out swinging
Top of the 2nd over - 0 runs, 0 hits, 0 errors, 1 left on base; Richland 0 - Springfield 0
BOTTOM OF THE 2ND
Springfield Shooters batting - Pitching for Richland Rails : RHP Chin-seok Hwang
Batting: RHB Stephen Chávez 0-0: Ball
1-0: Ball
2-0: Called Strike
2-1: Foul Ball, location: 2F
2-2: Ball
3-2: Base on Balls
Batting: RHB Pacu Martic 0-0: Ball
1-0: Foul Ball, location: 2F
1-1: Foul Ball, location: 2F
1-2: Foul Ball, location: 2F
1-2: Ball
2-2: Ball
3-2: Strikes out looking
Batting: RHB Lev Migranov 0-0: Foul Ball, location: 2F
0-1: Called Strike
0-2: SINGLE (Groundball, 4MD)
Stephen Chávez to second
Batting: RHB Roberto Alonzo 0-0: Ball
1-0: Ball
2-0: Foul Ball, location: 2F
2-1: Foul Ball, location: 2F
2-2: Strikes out looking
Batting: RHB Eun-bum Kim 0-0: Ball
1-0: Swinging Strike
1-1: Called Strike
1-2: Ball
2-2: Foul Ball, location: 2F
2-2: Ball
3-2: Ground out 5-3 (Groundball, 56)
Bottom of the 2nd over - 0 runs, 1 hit, 0 errors, 2 left on base; Richland 0 - Springfield 0
TOP OF THE 3RD
Richland Rails batting - Pitching for Springfield Shooters : LHP Otte Leuthold
Batting: LHB Wulf Paauwe 0-0: Ball
1-0: Foul Ball, location: 2F
1-1: Called Strike
1-2: Fly out, F4 (Popup, 4M)
Batting: RHB Yoichibei Chikafuji 0-0: Ball
1-0: Ball
2-0: Foul Ball, location: 2F
2-1: Called Strike
2-2: Ball
3-2: Fly out, F3 (Line Drive, 34)
Batting: RHB Alejandro Herrera 0-0: Ball
1-0: Called Strike
1-1: Foul Ball, location: 2F
1-2: Ball
2-2: SINGLE (Groundball, 6D)
Batting: RHB Luo-lang Li 0-0: Ball
Alejandro Herrera is caught stealing 2nd base
Top of the 3rd over - 0 runs, 1 hit, 0 errors, 0 left on base; Richland 0 - Springfield 0
BOTTOM OF THE 3RD
Springfield Shooters batting - Pitching for Richland Rails : RHP Chin-seok Hwang
Batting: RHB Barrett Drury 0-0: Ball
1-0: Called Strike
1-1: Foul Ball, location: 2F
1-2: Fly out, F7 (Flyball, 7)
Batting: RHB Sébastien Bernard 0-0: Ground out 5-3 (Groundball, 56S)
Batting: LHB Ángelo Corona 0-0: Foul Ball, location: 2F
0-1: Swinging Strike
0-2: Ball
1-2: Ball
2-2: Strikes out looking
Bottom of the 3rd over - 0 runs, 0 hits, 0 errors, 0 left on base; Richland 0 - Springfield 0
TOP OF THE 4TH
Richland Rails batting - Pitching for Springfield Shooters : LHP Otte Leuthold
Batting: RHB Luo-lang Li 0-0: Called Strike
0-1: Ball
1-1: Called Strike
1-2: Foul Ball, location: 2F
1-2: Ground out 1-3 (Groundball, 13)
Batting: LHB Jared Morningstar 0-0: Called Strike
0-1: Called Strike
0-2: Strikes out swinging
Batting: RHB Luis León 0-0: Called Strike
0-1: Foul Ball, location: 2F
0-2: Ball
1-2: Foul Ball, location: 2F
1-2: Ball
2-2: Ground out 4-3 (Groundball, 4)
Top of the 4th over - 0 runs, 0 hits, 0 errors, 0 left on base; Richland 0 - Springfield 0
BOTTOM OF THE 4TH
Springfield Shooters batting - Pitching for Richland Rails : RHP Chin-seok Hwang
Batting: RHB Jack Stidston 0-0: Called Strike
0-1: Ball
1-1: Fly out, F8 (Flyball, 8RXD)
Pitching: LHP Jeffery Page
Batting: RHB Stephen Chávez 0-0: Ball
1-0: Foul Ball, location: 2F
1-1: Foul Ball, location: 2F
1-2: Ball
2-2: Ball
3-2: Foul Ball, location: 2F
3-2: Ground out 4-3 (Groundball, 4)
Batting: RHB Pacu Martic 0-0: Ball
1-0: Foul Ball, location: 2F
1-1: Ball
2-1: Ball
3-1: Foul Ball, location: 2F
3-2: Foul Ball, location: 2F
3-2: Base on Balls
Batting: RHB Lev Migranov 0-0: Ball
1-0: Foul Ball, location: 2F
1-1: Fly out, F9 (Flyball, 9)
Bottom of the 4th over - 0 runs, 0 hits, 0 errors, 1 left on base; Richland 0 - Springfield 0
TOP OF THE 5TH
Richland Rails batting - Pitching for Springfield Shooters : LHP Otte Leuthold
Batting: RHB Jonah Cooney 0-0: Called Strike
0-1: Called Strike
0-2: Ball
1-2: Ball
2-2: Strikes out swinging
Batting: LHB Juan Rosado 0-0: Called Strike
0-1: SINGLE (Line Drive, 4D)
Batting: RHB Paul Evison 0-0: Ball
1-0: Ball
2-0: Swinging Strike
2-1: Grounds into double play, 2-4-3 (Groundball, 2L)
Top of the 5th over - 0 runs, 1 hit, 0 errors, 0 left on base; Richland 0 - Springfield 0
BOTTOM OF THE 5TH
Springfield Shooters batting - Pitching for Richland Rails : LHP Jeffery Page
Batting: RHB Roberto Alonzo 0-0: Foul Ball, location: 2F
0-1: Foul Ball, location: 2F
0-2: Strikes out swinging
Batting: RHB Eun-bum Kim 0-0: Ball
1-0: Called Strike
1-1: Fly out, F8 (Flyball, 8LD)
Batting: RHB Barrett Drury 0-0: Ball
1-0: Ball
2-0: Called Strike
2-1: Foul Ball, location: 2F
2-2: Ball
3-2: Foul Ball, location: 2F
3-2: Base on Balls
Batting: RHB Sébastien Bernard 0-0: Ball
1-0: Ball
2-0: Ball
3-0: Called Strike
3-1: Foul Ball, location: 2F
3-2: Fly out, F7 (Flyball, 78D)
Bottom of the 5th over - 0 runs, 0 hits, 0 errors, 1 left on base; Richland 0 - Springfield 0
TOP OF THE 6TH
Richland Rails batting - Pitching for Springfield Shooters : LHP Otte Leuthold
Batting: LHB Wulf Paauwe 0-0: Foul Ball, location: 2F
0-1: Ball
1-1: Ball
2-1: Ball
3-1: Fly out, F8 (Flyball, 89D)
Batting: RHB Yoichibei Chikafuji 0-0: Ground out 4-3 (Groundball, 4)
Batting: RHB Alejandro Herrera 0-0: Called Strike
0-1: SINGLE (Groundball, 2R) (infield hit)
Batting: RHB Luo-lang Li 0-0: Ball
1-0: Called Strike
1-1: Ball
2-1: SINGLE (Flyball, 78S)
Alejandro Herrera to second
Batting: LHB Jared Morningstar 0-0: Ball
1-0: Called Strike
1-1: Fly out, F8 (Line Drive, 8RM)
Top of the 6th over - 0 runs, 2 hits, 0 errors, 2 left on base; Richland 0 - Springfield 0
BOTTOM OF THE 6TH
Springfield Shooters batting - Pitching for Richland Rails : LHP Jeffery Page
Batting: LHB Ángelo Corona 0-0: Foul Ball, location: 2F
0-1: SINGLE (Groundball, 6D)
Batting: RHB Jack Stidston 0-0: Ball
1-0: Foul Ball, location: 2F
1-1: Ball
2-1: Swinging Strike
2-2: Fly out, F9 (Flyball, 89M)
Batting: RHB Stephen Chávez 0-0: Ball
1-0: Called Strike
1-1: Called Strike
1-2: DOUBLE (Line Drive, 78XD)
Ángelo Corona to third
Batting: RHB Pacu Martic 0-0: Foul Ball, location: 2F
0-1: Ball
1-1: Fly out, F7 (Flyball, 7)
Runner from 3rd tags up, SCORES, no throw
Batting: RHB Lev Migranov 0-0: Ball
1-0: Called Strike
1-1: Foul Ball, location: 2F
1-2: Ball
2-2: SINGLE (Flyball, 89S)
Stephen Chávez to third
Runner from 3rd tries for Home, SAFE, no throw
Pitching: RHP Ron Armstrong
Batting: RHB Roberto Alonzo 0-0: Called Strike
0-1: Ball
1-1: Foul Ball, location: 2F
1-2: Foul Ball, location: 2F
1-2: Ball
2-2: Ball
3-2: Strikes out looking
Bottom of the 6th over - 2 runs, 3 hits, 0 errors, 1 left on base; Richland 0 - Springfield 2
TOP OF THE 7TH
Richland Rails batting - Pitching for Springfield Shooters : LHP Otte Leuthold
Batting: RHB Luis León 0-0: SOLO HOME RUN (Flyball, 78XD), Distance : 397 ft
Batting: RHB Jonah Cooney 0-0: Ball
1-0: Ball
2-0: Foul Ball, location: 2F
2-1: Swinging Strike
2-2: Foul Ball, location: 2F
2-2: Foul Ball, location: 2F
2-2: Foul Ball, location: 2F
2-2: Ball
3-2: Foul Ball, location: 2F
3-2: Fly out, F5 (Popup, 5SF)
Pitching: RHP Rex Negrete
Batting: LHB Juan Rosado 0-0: Foul Ball, location: 2F
0-1: Called Strike
0-2: Ball
1-2: Foul Ball, location: 2F
1-2: Strikes out looking
Batting: RHB Paul Evison 0-0: Ball
1-0: Swinging Strike
1-1: Foul Ball, location: 2F
1-2: Strikes out swinging
Top of the 7th over - 1 run, 1 hit, 0 errors, 0 left on base; Richland 1 - Springfield 2
BOTTOM OF THE 7TH
Springfield Shooters batting - Pitching for Richland Rails : RHP Ron Armstrong
Batting: RHB Eun-bum Kim 0-0: SINGLE (Line Drive, 56)
Batting: RHB Barrett Drury 0-0: Ball
1-0: Ball
2-0: Sac Bunt - play at first, batter OUT! 5-4
Eun-bum Kim to second
Pinch Hitting: LHB Armando Rodríguez 0-0: Intentional Walk
Batting: LHB Ángelo Corona 0-0: Ball
Eun-bum Kim steals 3rd base
1-0: Ball
2-0: Called Strike
2-1: Swinging Strike
2-2: Strikes out swinging
Batting: RHB Jack Stidston 0-0: Ball
1-0: Ball
Wild Pitch!
Eun-bum Kim scores
Armando Rodríguez to second
2-0: Ball
3-0: Base on Balls
Batting: RHB Stephen Chávez 0-0: Called Strike
0-1: Called Strike
0-2: Strikes out looking
Bottom of the 7th over - 1 run, 1 hit, 0 errors, 2 left on base; Richland 1 - Springfield 3
TOP OF THE 8TH
Richland Rails batting - Pitching for Springfield Shooters : RHP Rex Negrete
Now in RF: Armando Rodríguez
Batting: LHB Wulf Paauwe 0-0: Swinging Strike
0-1: Ball
1-1: Swinging Strike
1-2: Ball
2-2: Strikes out swinging
Batting: RHB Yoichibei Chikafuji 0-0: Ball
1-0: Ground out 6-3 (Groundball, 6)
Batting: RHB Alejandro Herrera 0-0: Ball
1-0: Ball
2-0: Foul Ball, location: 2F
2-1: Fly out, F9 (Flyball, 9S)
Top of the 8th over - 0 runs, 0 hits, 0 errors, 0 left on base; Richland 1 - Springfield 3
BOTTOM OF THE 8TH
Springfield Shooters batting - Pitching for Richland Rails : RHP Ron Armstrong
Batting: RHB Pacu Martic 0-0: Called Strike
0-1: Reached on error, E6 (Groundball, 6M)
Batting: RHB Lev Migranov 0-0: Called Strike
0-1: Foul Ball, location: 2F
0-2: Ball
1-2: Fielders Choice at 2nd, 4-6 (Groundball, 4)
Batting: RHB Roberto Alonzo 0-0: Ball
1-0: Called Strike
1-1: Ball
Lev Migranov steals 2nd base
2-1: Ball
3-1: Fly out, F8 (Flyball, 8RD)
Batting: RHB Eun-bum Kim 0-0: Called Strike
0-1: Foul Ball, location: 2F
0-2: Foul Ball, location: 2F
0-2: Ball
1-2: Ball
2-2: Fly out, F7 (Line Drive, 7S)
Bottom of the 8th over - 0 runs, 0 hits, 1 error, 1 left on base; Richland 1 - Springfield 3
TOP OF THE 9TH
Richland Rails batting - Pitching for Springfield Shooters : RHP Rex Negrete
Pitching: RHP Dermot Eridge
Batting: RHB Luo-lang Li 0-0: SINGLE (Line Drive, 8RS)
Batting: LHB Jared Morningstar 0-0: Ball
1-0: Swinging Strike
1-1: Foul Ball, location: 2F
1-2: Strikes out looking
Pinch Hitting: RHB Fytor Ceia 0-0: Called Strike
0-1: Ball
1-1: Ball
2-1: Foul Ball, location: 2F
2-2: Foul Ball, location: 2F
2-2: Ball
3-2: Ground out U3 (Groundball, 3S)
Luo-lang Li to second
Pinch Hitting: RHB León Preciado 0-0: Foul Ball, location: 2F
0-1: Swinging Strike
0-2: Ball
1-2: Ball
2-2: Ball
Wild Pitch!
Luo-lang Li to third
3-2: Foul Ball, location: 2F
3-2: Ground out 6-3 (Groundball, 6M)
Top of the 9th over - 0 runs, 1 hit, 0 errors, 1 left on base; Richland 1 - Springfield 3
Tuesday, June 12th, 2018 - OOTP Baseball 18.8 Build 76